 Dungeon Crawl Stone Soup version bcrawl-1.41.1 (webtiles) character file.

Game seed: 10881399763988661793

273762 Yshiel the Magician (level 10, -1/73 HPs)
             Began as a Gnoll Ice Elementalist on Apr 23, 2024.
             Was an Initiate of Okawaru.
             Killed by divine providence
             ... invoked by Grum
              (11 damage)
             ... on level 8 of the Dungeon.
             The game lasted 00:50:13 (7880 turns).

Yshiel the Magician (Gnoll Ice Elementalist)        Turns: 7880, Time: 00:50:13

Health: -1/73      AC:  4    Str: 11    XL:     10   Next: 13%
Magic:  20/20      EV: 17    Int: 23    God:    Okawaru [......]
Gold:   491        SH:  0    Dex: 19    Spells: 22/23 levels left

rFire    . . .     GDR:     34% y - +2 whip (flame)
rCold    . . .     SeeInvis .   (no shield)
rNeg     . . .     Gourm    .   a - +0 robe
rPois    .         Faith    .   (no helmet)
rElec    .         Spirit   .   f - +0 cloak
rCorr    .         Reflect  .   E - +0 pair of gloves
MR       .....                  (no boots)
Stlth    ++++......             (no amulet)
HPRegen  0.22/turn              m - +6 ring of intelligence
MPRegen  0.17/turn              (no ring)

@: about to teleport
A: distributed training, fangs 1, strong nose
a: Renounce Religion


You were on level 8 of the Dungeon.
You worshipped Okawaru.
Okawaru was noncommittal.
You were hungry.

You visited 2 branches of the dungeon, and saw 9 of its levels.

You collected 491 gold pieces.

Inventory:

Hand Weapons
 b - a +2 short sword
 p - a +2 scythe of protection
 y - a +2 whip of flaming (weapon)
 D - a +0 blowgun
Missiles
 v - 483 bolts
 w - 710 arrows
Armour
 a - a +0 robe (worn)
 f - a +0 cloak (worn)
 E - a +0 pair of gloves (worn)
Magical Staves
 B - an uncursed staff of conjuration
Jewellery
 j - the cursed ring "Miodos" {rC+ Stlth--}
   (You found it on level 1 of the Dungeon)

   [ring of attention]

   It protects you from cold.
   It makes you much less stealthy.
   It has a curse placed upon it.
 m - a +6 ring of intelligence (left hand)
Wands
 c - a wand of iceblast (1)
 g - a wand of random effects (9)
 t - a wand of clouds (4)
Scrolls
 h - a scroll of fog
 i - 3 scrolls of identify
 o - a scroll of teleportation
 q - a scroll of noise {unknown}
 r - a scroll of remove curse
 C - a scroll of revelation {unknown}
Potions
 d - 7 potions of curing
 k - a potion of lignification {unknown}
 l - 2 potions of ambrosia
 n - a potion of mutation {unknown}
 s - a potion of heal wounds {unknown}
 u - 2 potions of flight
 x - a potion of agility {unknown}
 z - a potion of berserk rage {unknown}
 A - a potion of brilliance {unknown}
 F - a potion of might {unknown}
Comestibles
 e - 10 rations {!d}


   Skills:
 + Level 4.9 Fighting
 + Level 4.9 Short Blades
 + Level 4.9 Long Blades
 + Level 4.9 Axes
 + Level 4.9 Maces & Flails
 + Level 4.9 Polearms
 + Level 4.9 Staves
 + Level 4.9 Slings
 + Level 4.9 Bows
 + Level 4.9 Crossbows
 + Level 4.9 Throwing
 + Level 4.9 Armour
 + Level 6.8 Dodging
 + Level 6.8 Stealth
 + Level 4.9 Shields
 + Level 4.9 Unarmed Combat
 + Level 7.1 Spellcasting
 + Level 4.6 Conjurations
 + Level 4.0 Hexes
 + Level 4.0 Charms
 + Level 4.0 Summonings
 + Level 4.0 Necromancy
 + Level 4.0 Translocations
 + Level 4.0 Transmutations
 + Level 4.0 Fire Magic
 + Level 6.9 Ice Magic
 + Level 4.0 Air Magic
 + Level 4.0 Earth Magic
 + Level 4.0 Poison Magic
 + Level 5.3 Invocations
 + Level 4.9 Evocations


You had 22 spell levels left.
You knew the following spells:

 Your Spells              Type           Power        Failure   Level  Hunger
a - Freeze                Ice            #####.       1%          1    None

Your spell library contained the following spells:

 Spells                   Type           Power        Failure   Level  Hunger
 Summon Small Mammal      Summ           ####         1%          1    None
 Throw Frost              Conj/Ice       ####..       1%          2    None
 Call Imp                 Summ           ####..       2%          2    None
 Ozocubu's Armour         Chrm/Ice       ####....     2%          3    None
 Call Canine Familiar     Summ           ####....     4%          3    None
 Throw Icicle             Conj/Ice       ####....     7%          4    ####...
 Ice Form                 Ice/Tmut       ####....     8%          4    ####...
 Summon Ice Beast         Ice/Summ       ####....     8%          4    ####...
 Summon Lightning Spire   Summ/Air       ####....     36%         5    #####..


Dungeon Overview and Level Annotations

Branches:
Dungeon (8/12)             Temple (1/1) D:7
   Lair: D:7-9          Orc: D:8-11

Altars:
Ashenzari
Dithmenos
Elyvilon
Hepliaklqana
Kikubaaqudgha
Lugonu
Nemelex Xobeh
Okawaru
Qazlal
Sif Muna
Vehumet
Wu Jian
Xom
Yredelemnul
Zin
The Shining One

Annotations:
D:8 Grum


Innate Abilities, Weirdness & Mutations

Your experience applies equally to all skills.
You have very sharp teeth.
Your uncanny sense of smell can sniff out nearby items.


Message History

The wolf misses you. Grum gestures at you while chanting. Something smites you!
The scorpion barely misses you.
A human opens the door.
The wolf barely misses you. The wolf closely misses you.
You see here 16 gold pieces.
The wolf closely misses you. The wolf bites you! Grum casts a spell at you.
Something smites you! The wolf misses you. x2
The wolf bites you!
* * * LOW HITPOINT WARNING * * *
The howler monkey hoots and howls with incredible vigour!
The wolf misses you.
As you read the scroll of teleportation, it crumbles to dust.
You feel strangely unstable. The wolf bites you!
* * * LOW HITPOINT WARNING * * *
The wolf barely misses you. The wolf closely misses you. x2
Grum casts a spell at you. Something smites you!
You die...

#...## ##.#..
##.(..####.....
#........%....#
#...$........#
##.##.........
#####.............
##....Z............ ##
#..hs..g###'###.... #..
#.@hhp..#.....#....
##....#..h....####.##.#..
#......^......#$.$..#.##.
#......#......####.##....
.....###......# +.. ....
#....##..##..## %.#...
#.....#.....#########...
###.##........##.........##
#..............#........##.


You could see Grum, a human, 3 wolves, a scorpion, a howler monkey and an adder
zombie.

Vanquished Creatures
  Pikel (D:5)
  A hippogriff (D:6)
  Sigmund (D:2)
  6 yaks
  A hungry ghost (D:5)
  A crocodile (D:7)
  2 orc warriors
  A sky beast (D:4)
  3 ice beasts
  Blork the orc (D:5)
  2 bullfrogs
  2 scorpions
  3 orc priests
  2 crimson imps
  A bullfrog zombie (D:8)
  3 jellies (D:7)
  4 hounds
  3 orc wizards
  An iguana (D:8)
  2 worker ants (D:7)
  A worker ant zombie (D:6)
  4 gnolls (D:4)
  6 adders
  A shadow imp (D:7)
  An ooze (D:4)
  4 worms
  4 dart slugs (D:1)
  4 leopard geckos
  13 orcs
  2 ball pythons
  3 giant cockroaches
  5 goblins
  8 hobgoblins
  13 jackals
  8 quokkas
  2 bats (D:1)
  14 frilled lizards
  A jackal skeleton (D:4)
  7 kobolds
  A quokka skeleton (D:4)
  A rat (D:1)
144 creatures vanquished.

Vanquished Creatures (others)
  Eustachio (D:6)
1 creature vanquished.

Grand Total: 145 creatures vanquished

Notes
Turn   | Place    | Note
-------+----------+-------------------------------------------
     0 | D:1      | Yshiel the Gnoll Ice Elementalist began the quest for the
                  | Orb.
     0 | D:1      | Reached XP level 1. HP: 13/13 MP: 6/6
   114 | D:1      | Reached XP level 2. HP: 15/19 MP: 7/7
   429 | D:1      | Got a scintillating turquoise ring
   430 | D:1      | Identified the cursed ring "Miodos" {rC+ Stlth--} (You
                  | found it on level 1 of the Dungeon)
   446 | D:1      | Reached XP level 3. HP: 25/25 MP: 6/9
   534 | D:1      | Reached skill level 5 in Spellcasting
   631 | D:1      | Reached skill level 1 in Invocations
  1237 | D:2      | Reached skill level 1 in Fighting
  1237 | D:2      | Reached skill level 1 in Short Blades
  1237 | D:2      | Reached skill level 1 in Long Blades
  1237 | D:2      | Reached skill level 1 in Axes
  1237 | D:2      | Reached skill level 1 in Maces & Flails
  1237 | D:2      | Reached skill level 1 in Polearms
  1237 | D:2      | Reached skill level 1 in Staves
  1237 | D:2      | Reached skill level 1 in Slings
  1237 | D:2      | Reached skill level 1 in Bows
  1237 | D:2      | Reached skill level 1 in Crossbows
  1237 | D:2      | Reached skill level 1 in Throwing
  1237 | D:2      | Reached skill level 1 in Armour
  1237 | D:2      | Reached skill level 1 in Shields
  1237 | D:2      | Reached skill level 1 in Unarmed Combat
  1237 | D:2      | Reached skill level 1 in Evocations
  1352 | D:2      | Reached XP level 4. HP: 32/32 MP: 8/11
  1472 | D:2      | Noticed Sigmund
  1483 | D:2      | Killed Sigmund
  1484 | D:2      | Reached skill level 1 in Hexes
  1484 | D:2      | Reached skill level 1 in Charms
  1484 | D:2      | Reached skill level 1 in Summonings
  1484 | D:2      | Reached skill level 1 in Necromancy
  1484 | D:2      | Reached skill level 1 in Translocations
  1484 | D:2      | Reached skill level 1 in Transmutations
  1484 | D:2      | Reached skill level 1 in Fire Magic
  1484 | D:2      | Reached skill level 1 in Air Magic
  1484 | D:2      | Reached skill level 1 in Earth Magic
  1484 | D:2      | Reached skill level 1 in Poison Magic
  1484 | D:2      | Reached XP level 5. HP: 20/38 MP: 7/12
  1789 | D:3      | Reached XP level 6. HP: 44/44 MP: 11/13
  2288 | D:3      | Found a basalt altar of Yredelemnul.
  2340 | D:3      | Found a faded altar of an unknown god.
  2567 | D:4      | Reached skill level 5 in Dodging
  2567 | D:4      | Reached skill level 5 in Stealth
  2798 | D:4      | Reached XP level 7. HP: 48/50 MP: 4/15
  3770 | D:5      | Entered Level 5 of the Dungeon
  3830 | D:5      | Noticed Blork the orc
  3834 | D:5      | Killed Blork the orc
  3986 | D:5      | Noticed Pikel
  4020 | D:5      | Found a shimmering altar of Xom.
  4035 | D:5      | Killed Pikel
  4036 | D:5      | Reached skill level 6 in Spellcasting
  4036 | D:5      | Reached XP level 8. HP: 20/58 MP: 10/17
  4420 | D:6      | Noticed a hippogriff
  4448 | D:6      | HP: 2/58 [orc warrior/+0 halberd (28)]
  4607 | D:6      | Killed a hippogriff
  4608 | D:6      | Reached XP level 9. HP: 22/65 MP: 10/18
  4773 | D:6      | Noticed Eustachio
  4785 | D:6      | Killed Eustachio
  5632 | D:6      | Reached skill level 5 in Invocations
  6593 | D:7      | Noticed a troll
  6595 | D:7      | Found a staircase to the Ecumenical Temple.
  6978 | D:7      | Reached XP level 10. HP: 73/73 MP: 16/20
  7016 | D:7      | Reached skill level 7 in Spellcasting
  7095 | Temple   | Entered the Ecumenical Temple
  7150 | Temple   | Became a worshipper of Warmaster Okawaru
  7372 | D:8      | Noticed Grum
  7880 | D:8      | Killed from afar by Grum

Skill      XL: |  1  2  3  4  5  6  7  8  9 10 |
---------------+-------------------------------+-----
Conjurations   | 2 3 4 |  4.6
Spellcasting   | 5 6 7 |  7.1
Invocations    | 1 2 3 4 5 |  5.3
Fighting       | 1 2 3 4 |  4.9
Short Blades   | 1 2 3 4 |  4.9
Long Blades    | 1 2 3 4 |  4.9
Axes           | 1 2 3 4 |  4.9
Maces & Flails | 1 2 3 4 |  4.9
Polearms       | 1 2 3 4 |  4.9
Staves         | 1 2 3 4 |  4.9
Slings         | 1 2 3 4 |  4.9
Bows           | 1 2 3 4 |  4.9
Crossbows      | 1 2 3 4 |  4.9
Throwing       | 1 2 3 4 |  4.9
Armour         | 1 2 3 4 |  4.9
Shields        | 1 2 3 4 |  4.9
Unarmed Combat | 1 2 3 4 |  4.9
Evocations     | 1 2 3 4 |  4.9
Hexes          | 1 2 3 4 |  4.0
Charms         | 1 2 3 4 |  4.0
Summonings     | 1 2 3 4 |  4.0
Necromancy     | 1 2 3 4 |  4.0
Translocations | 1 2 3 4 |  4.0
Transmutations | 1 2 3 4 |  4.0
Fire Magic     | 1 2 3 4 |  4.0
Air Magic      | 1 2 3 4 |  4.0
Earth Magic    | 1 2 3 4 |  4.0
Poison Magic   | 1 2 3 4 |  4.0
Dodging        | 5 6 |  6.8
Stealth        | 5 6 |  6.8
Ice Magic      | 6 |  6.9

Action                   |  1- 3 |  4- 6 |  7- 9 | 10-12 || total
-------------------------+-------+-------+-------+-------++-------
Melee: Short sword       |    65 |    43 |    69 |     8 ||   185
       Bite              |     9 |     7 |     9 |     3 ||    28
       Whip              |       |       |    27 |     9 ||    36
       Punch             |       |       |     2 |     1 ||     3
 Cast: Freeze            |    36 |    42 |   118 |    22 ||   218
  Use: Scroll            |     1 |     3 |     6 |     2 ||    12
       Potion            |       |     1 |       |       ||     1
 Stab: Sleeping          |     4 |     8 |     9 |       ||    21
  Eat: Chunk             |     4 |     6 |    15 |     2 ||    27
       Ration            |       |       |     2 |       ||     2
Armor: Robe              |    11 |     6 |    26 |    13 ||    56
Dodge: Dodged            |    59 |    44 |   159 |    64 ||   326
